[Event "EUSA-ch Open 2019"]
[Site "Budapest"]
[Date "2019.07.25"]
[Round "1.2"]
[White "Smolka, Marcin"]
[Black "Shevchenko, Kirill"]
[Result "0-1"]
[ECO "C87"]
[WhiteElo "2178"]
[BlackElo "2536"]
[Annotator "ChessBase"]
[PlyCount "99"]
[EventDate "2019.07.23"]
[EventType "team-tourn"]
[EventCountry "HUN"]
[SourceTitle "playchess.com"]
[Source "ChessBase"]
[SourceQuality "1"]
[TimeControl "1500+10"]

1. e4 e5 2. Nf3 Nc6 3. Bb5 a6 4. Ba4 Nf6 5. O-O Be7 6. Re1 d6 7. h3 b5 8. Bb3 Na5 9. c3 Nxb3 10. axb3 O-O 11. d4 Bb7 12. Nbd2 Re8 13. Qc2 exd4 14. cxd4 Bf8 15. d5 Rc8 16. Qd3 Qd7 17. Nf1 c6 18. Bg5 cxd5 19. exd5 Nxd5 20. Rxe8 Rxe8 21. Ng3 h6 22. Bd2 Nf6 23. Re1 Rxe1+ 24. Bxe1 Qe6 25. Bb4 Ne4 26. Nxe4 Bxe4 27. Qd1 Bd5 28. Nd2 Qg6 29. Qg4 Qe6 30. Qxe6 fxe6 31. f3 Kf7 32. Kf2 Ke7 33. Bc3 Kd7 34. Ke3 g6 35. g3 Be7 36. h4 h5 37. f4 Bd8 38. b4 Bb6+ 39. Bd4 Bc7 40. Nb1 e5 41. fxe5 dxe5 42. Bc3 Ke6 43. Be1 Bb6+ 44. Ke2 Bc4+ 45. Kd2 e4 46. Nc3 e3+ 47. Kc1 Ke5 48. Kc2 Kd4 49. Kc1 Kd3 50. Kd1 0-1

[Event "EUSA-ch Open 2019"]
[Site "Budapest"]
[Date "2019.07.25"]
[Round "1.3"]
[White "Harutyunian, Tigran K."]
[Black "Sousa, Andre Ventura"]
[Result "1-0"]
[WhiteElo "2539"]
[BlackElo "2362"]
[Annotator "ChessBase"]
[PlyCount "38"]
[EventDate "2019.07.23"]
[EventType "team-tourn"]
[EventCountry "HUN"]
[SourceTitle "playchess.com"]
[Source "ChessBase"]
[SourceQuality "1"]
[TimeControl "1500+10"]

1. e4 c5 2. c4 Nc6 3. Ne2 e5 4. d3 d6 5. g3 h5 6. Nbc3 h4 7. Be3 Nd4 8. Bxd4 cxd4 9. Nd5 Nf6 10. Nxf6+ Qxf6 11. Qb3 hxg3 12. fxg3 Qf3 13. Rg1 Rxh2 14. O-O-O Be7 15. Qb5+ Kf8 16. g4 g6 17. Kb1 Bh4 18. Qd5 Bf2 19. Qxd6+ Kg8 1-0

[Event "EUSA-ch Open 2019"]
[Site "Budapest"]
[Date "2019.07.25"]
[Round "1.6"]
[White "Marques, Ricardo Taborda Trig"]
[Black "Petrosyan, Tigran S."]
[Result "1/2-1/2"]
[ECO "C44"]
[WhiteElo "1958"]
[BlackElo "2448"]
[Annotator "NA"]
[PlyCount "100"]
[EventDate "2019.07.23"]
[EventType "team-tourn"]
[EventCountry "HUN"]
[SourceTitle "playchess.com"]
[Source "ChessBase"]
[SourceQuality "1"]
[TimeControl "1500+10"]

1. e4 e5 2. Nf3 Nc6 3. d4 exd4 4. Nxd4 Qf6 5. Be3 Bc5 6. c3 Nge7 7. g3 d5 8. Bg2 Bxd4 9. cxd4 dxe4 10. Nc3 Bf5 11. Nxe4 Bxe4 12. Bxe4 Rd8 13. O-O O-O 14. Qh5 g6 15. Qb5 Qe6 16. Bg2 Nxd4 17. Bxd4 Rxd4 18. Qxb7 Qb6 19. Rac1 Qxb7 20. Bxb7 Rd7 21. Be4 Rb8 22. b3 Rb4 23. Rfe1 a5 24. Bc6 Nxc6 25. Rxc6 a4 26. bxa4 Rxa4 27. Re2 Ra7 28. Kg2 Kf8 29. h4 h5 30. Kf3 Rd3+ 31. Kf4 Rda3 32. Rcc2 Kg7 33. f3 R7a4+ 34. Re4 Rxa2 35. Rxc7 Ra6 36. g4 Rf6+ 37. Kg3 hxg4 38. Rxg4 Ra1 39. Kg2 Ra3 40. Rg3 Rf5 41. Rc2 Rb3 42. Re2 Rb4 43. Rg4 Rb3 44. Rf2 Kf6 45. Kg3 Rb1 46. Kg2 Re5 47. Rf4+ Kg7 48. Rd2 Rb7 49. Kg3 Kh6 50. Rd6 Kg7 1/2-1/2

[Event "EUSA-ch Open 2019"]
[Site "Budapest"]
[Date "2019.07.25"]
[Round "2.3"]
[White "Shevchenko, Kirill"]
[Black "Grimm, Daniel"]
[Result "1-0"]
[ECO "D16"]
[WhiteElo "2536"]
[BlackElo "2280"]
[Annotator "ChessBase"]
[PlyCount "63"]
[EventDate "2019.07.23"]
[EventType "team-tourn"]
[EventCountry "HUN"]
[SourceTitle "playchess.com"]
[Source "ChessBase"]
[SourceQuality "1"]
[TimeControl "1500+10"]

1. d4 d5 2. c4 c6 3. Nf3 Nf6 4. Nc3 dxc4 5. a4 e6 6. e3 c5 7. Bxc4 Nc6 8. O-O cxd4 9. exd4 Be7 10. Bg5 O-O 11. Re1 Nb4 12. Ne5 Bd7 13. Re3 Nfd5 14. Nxd5 Nxd5 15. Bxd5 Bxg5 16. Bxb7 Rb8 17. Rb3 Qc7 18. Ba6 Rxb3 19. Qxb3 Rb8 20. Qg3 Rb6 21. Qxg5 f6 22. Rc1 Qd8 23. Qg3 fxe5 24. Bd3 exd4 25. Qe5 Qf6 26. Qe4 Rxb2 27. f4 Qh4 28. Qxd4 Ra2 29. Bc4 Rxg2+ 30. Kxg2 Bc6+ 31. Kf1 Qxh2 32. Bxe6+ 1-0

[Event "EUSA-ch Open 2019"]
[Site "Budapest"]
[Date "2019.07.25"]
[Round "2.4"]
[White "Grimm, Gyorgy"]
[Black "Golubka, Petro"]
[Result "0-1"]
[ECO "B90"]
[WhiteElo "2141"]
[BlackElo "2483"]
[Annotator "ChessBase"]
[PlyCount "146"]
[EventDate "2019.07.23"]
[EventType "team-tourn"]
[EventCountry "HUN"]
[SourceTitle "playchess.com"]
[Source "ChessBase"]
[SourceQuality "1"]
[TimeControl "1500+10"]

1. e4 c5 2. Nf3 d6 3. d4 cxd4 4. Nxd4 Nf6 5. Nc3 a6 6. f3 e6 7. Be3 b5 8. Qd2 Nbd7 9. g4 h6 10. O-O-O Bb7 11. g5 hxg5 12. Bxg5 Be7 13. Bd3 Rc8 14. Kb1 b4 15. Nce2 Qa5 16. Nb3 Qa4 17. Bf4 Ne5 18. Ned4 g6 19. Bg3 Nfd7 20. Qe2 Nxd3 21. cxd3 Nc5 22. Rc1 Rh5 23. Nxc5 Rhxc5 24. Nb3 Rxc1+ 25. Rxc1 Rxc1+ 26. Nxc1 Qb5 27. Qc2 Kd7 28. Nb3 e5 29. Nd2 f6 30. Qc4 Qxc4 31. Nxc4 Ke6 32. Kc2 d5 33. Na5 Ba8 34. Nb3 Bc6 35. Bf2 f5 36. exf5+ Kxf5 37. Kd2 Bg5+ 38. Ke2 Bb5 39. h3 Bd8 40. Kd2 a5 41. d4 e4 42. fxe4+ Kxe4 43. Nc5+ Kf5 44. Be3 g5 45. a3 Bf1 46. axb4 axb4 47. Nd3 b3 48. Nf2 Ba5+ 49. Kd1 Bb4 50. Bc1 Bd6 51. Ke1 Bg2 52. Ke2 Bc7 53. Bd2 Bb6 54. Ke3 Bf1 55. Bb4 Ba7 56. Bd6 Ke6 57. Bc7 Kd7 58. Be5 Ke6 59. Bc7 Kf5 60. Bd6 Bb6 61. Bc5 Bc7 62. Kf3 Bf4 63. Be7 Bc1 64. Ba3 Bxh3 65. Nd3 Bg4+ 66. Kf2 Bd2 67. Nc5 Bd1 68. Nb7 g4 69. Nd6+ Kf4 70. Nf7 g3+ 71. Kf1 Kf3 72. Ne5+ Ke4 73. Bc5 Bf3 0-1

[Event "EUSA-ch Open 2019"]
[Site "Budapest"]
[Date "2019.07.25"]
[Round "2.5"]
[White "Egri, Laszlo Jr."]
[Black "Zaslavsky, Mikhail"]
[Result "0-1"]
[ECO "A35"]
[WhiteElo "2254"]
[BlackElo "2405"]
[Annotator "NA"]
[PlyCount "70"]
[EventDate "2019.07.23"]
[EventType "team-tourn"]
[EventCountry "HUN"]
[SourceTitle "playchess.com"]
[Source "ChessBase"]
[SourceQuality "1"]
[TimeControl "1500+10"]

1. c4 c5 2. Nc3 Nc6 3. Nf3 e5 4. g3 f5 5. d3 Nf6 6. Bg2 Be7 7. O-O O-O 8. Ne1 d6 9. Nc2 Be6 10. Ne3 f4 11. Ned5 fxg3 12. fxg3 Qd7 13. e3 Rae8 14. Bd2 Bd8 15. Nxf6+ Bxf6 16. Nd5 Bd8 17. Qe2 Bg4 18. Bf3 Rxf3 19. Rxf3 e4 20. dxe4 Ne5 21. Raf1 Nxf3+ 22. Rxf3 Qe6 23. Qf2 Bxf3 24. Qxf3 Qxe4 25. Qxe4 Rxe4 26. b3 Bf6 27. Kf2 Kf7 28. a4 Re8 29. Ke2 Be5 30. Kf3 Rf8 31. Bc3 Ke6+ 32. Ke2 Bxc3 33. Nxc3 Ke5 34. Ke1 Rf6 35. h3 Rf3 0-1

[Event "EUSA-ch Open 2019"]
[Site "Budapest"]
[Date "2019.07.25"]
[Round "2.6"]
[White "Galburd, Yan"]
[Black "Voros, Gellert"]
[Result "1-0"]
[ECO "D00"]
[WhiteElo "2429"]
[BlackElo "2164"]
[Annotator "NA"]
[PlyCount "95"]
[EventDate "2019.07.23"]
[EventType "team-tourn"]
[EventCountry "HUN"]
[SourceTitle "playchess.com"]
[Source "ChessBase"]
[SourceQuality "1"]
[TimeControl "1500+10"]

1. d4 d5 2. Bf4 Nf6 3. e3 c5 4. Nf3 Nc6 5. Nbd2 Bg4 6. c3 Qb6 7. dxc5 Qxc5 8. Be2 e6 9. O-O Be7 10. b4 Qxc3 11. b5 Nb4 12. Rc1 Qa3 13. Rc7 Nxa2 14. Qa1 Bb4 15. Nb1 Qa5 16. Qb2 Bf5 17. Nd4 Bxb1 18. Rxb1 Bc3 19. Qc2 O-O 20. Nb3 Qa4 21. Rxc3 Nxc3 22. Qxc3 Rfc8 23. Qa1 Qxa1 24. Rxa1 Ne4 25. Na5 g5 26. Be5 f6 27. Bg3 Nxg3 28. hxg3 Rc7 29. Nb3 Kf7 30. b6 Rcc8 31. bxa7 e5 32. Bf3 Ke6 33. e4 Rc7 34. exd5+ Kd6 35. g4 b6 36. Ra6 Rb7 37. Na5 Rbxa7 38. Rxb6+ Kc5 39. Rc6+ Kb4 40. Nc4 Ra6 41. Rc7 Re8 42. Nd2 Ra1+ 43. Kh2 Ra2 44. Rb7+ Kc3 45. Ne4+ Kd4 46. d6 h5 47. Nxf6 Rh8 48. gxh5 1-0

[Event "EUSA-ch Open 2019"]
[Site "Budapest"]
[Date "2019.07.25"]
[Round "3.1"]
[White "Zaslavsky, Mikhail"]
[Black "Shevchenko, Kirill"]
[Result "0-1"]
[ECO "A03"]
[WhiteElo "2405"]
[BlackElo "2536"]
[Annotator "RC"]
[PlyCount "110"]
[EventDate "2019.07.23"]
[EventType "team-tourn"]
[EventCountry "HUN"]
[SourceTitle "playchess.com"]
[Source "ChessBase"]
[SourceQuality "1"]
[TimeControl "1500+10"]

1. f4 d5 2. Nf3 g6 3. e3 Bg7 4. c4 Nf6 5. cxd5 O-O 6. Nc3 Nxd5 7. Qb3 Nxc3 8. bxc3 b6 9. d4 Bb7 10. Be2 c5 11. O-O Nc6 12. Ba3 Na5 13. Qa4 Qd5 14. Bxc5 Rac8 15. Bb4 Nc4 16. Bxc4 Rxc4 17. Qb3 Rfc8 18. Rac1 Qe6 19. Kf2 Bd5 20. Qb2 R4c7 21. a4 f6 22. a5 bxa5 23. Bxa5 Rb7 24. Qa1 Qe4 25. c4 Rxc4 26. Rxc4 Bxc4 27. Nd2 Qd3 28. Nxc4 Qxc4 29. Rc1 Qd5 30. Qc3 e5 31. dxe5 fxe5 32. Qc8+ Bf8 33. Qc4 Rb2+ 34. Kf1 Qxc4+ 35. Rxc4 Rb5 36. Bc3 exf4 37. exf4 Rc5 38. Rxc5 Bxc5 39. Ke2 Kf7 40. Kf3 Bb6 41. Ke4 Ke6 42. g4 a5 43. f5+ gxf5+ 44. gxf5+ Kf7 45. Kd5 a4 46. Kc4 Bd8 47. Kb4 Bf6 48. Bxf6 Kxf6 49. Kxa4 Kxf5 50. Kb4 Kg4 51. Kc4 Kh3 52. Kd4 Kxh2 53. Ke3 Kg3 54. Ke2 Kg2 55. Ke3 h5 0-1

[Event "EUSA-ch Open 2019"]
[Site "Budapest"]
[Date "2019.07.25"]
[Round "3.5"]
[White "Harutyunian, Tigran K."]
[Black "Lewicki, Miroslaw"]
[Result "1-0"]
[ECO "A05"]
[WhiteElo "2539"]
[BlackElo "2351"]
[Annotator "ChessBase"]
[PlyCount "57"]
[EventDate "2019.07.23"]
[EventType "team-tourn"]
[EventCountry "HUN"]
[SourceTitle "playchess.com"]
[Source "ChessBase"]
[SourceQuality "1"]
[TimeControl "1500+10"]

1. Nf3 Nf6 2. g3 e6 3. Bg2 b6 4. O-O Bb7 5. c4 Be7 6. Nc3 O-O 7. Re1 d5 8. cxd5 exd5 9. d4 Nbd7 10. Bf4 c5 11. Rc1 Ne4 12. Qa4 Ndf6 13. Red1 Nxc3 14. Rxc3 c4 15. Ne5 a6 16. Nc6 Qd7 17. Nxe7+ Qxe7 18. Re3 Qd8 19. Qb4 b5 20. Re7 a5 21. Qc5 Ba6 22. Bc7 Qc8 23. Bxd5 Nxd5 24. Qxd5 b4 25. Rc1 c3 26. bxc3 Bb7 27. Qb5 Ra6 28. cxb4 Ba8 29. d5 1-0

[Event "EUSA-ch Open 2019"]
[Site "Budapest"]
[Date "2019.07.25"]
[Round "3.6"]
[White "Molenda, Marcin"]
[Black "Petrosyan, Tigran S."]
[Result "0-1"]
[ECO "C44"]
[WhiteElo "2387"]
[BlackElo "2448"]
[Annotator "NA"]
[PlyCount "46"]
[EventDate "2019.07.23"]
[EventType "team-tourn"]
[EventCountry "HUN"]
[SourceTitle "playchess.com"]
[Source "ChessBase"]
[SourceQuality "1"]
[TimeControl "1500+10"]

1. e4 e5 2. Nf3 Nc6 3. d4 exd4 4. Nxd4 Qf6 5. Be3 Bc5 6. c3 Nge7 7. g3 h5 8. Bg2 d6 9. Nc2 Bg4 10. f3 Bxe3 11. Nxe3 Bd7 12. Nd2 h4 13. Qe2 O-O-O 14. O-O-O g5 15. Rdf1 h3 16. f4 hxg2 17. Nxg2 gxf4 18. Nxf4 Qg5 19. Qe3 Qa5 20. Kb1 Ne5 21. h4 f5 22. Ka1 fxe4 23. Qxe4 Bc6 0-1

[Event "EUSA-ch Open 2019"]
[Site "Budapest"]
[Date "2019.07.25"]
[Round "4.1"]
[White "Shevchenko, Kirill"]
[Black "Chigaev, Maksim"]
[Result "1/2-1/2"]
[ECO "E90"]
[WhiteElo "2536"]
[BlackElo "2640"]
[Annotator "RC"]
[PlyCount "112"]
[EventDate "2019.07.23"]
[EventType "team-tourn"]
[EventCountry "HUN"]
[SourceTitle "playchess.com"]
[Source "ChessBase"]
[SourceQuality "1"]
[TimeControl "1500+10"]

1. d4 Nf6 2. c4 g6 3. Nc3 Bg7 4. e4 d6 5. Nf3 O-O 6. Be3 Na6 7. Be2 e5 8. O-O c6 9. Re1 Qe7 10. c5 dxc5 11. dxe5 Ng4 12. Bg5 Qe6 13. Bf4 Nxe5 14. Bxe5 Bxe5 15. Nxe5 Qxe5 16. Bxa6 bxa6 17. Rc1 Be6 18. Qa4 Rab8 19. b3 c4 20. bxc4 Rb2 21. Qxc6 Rc8 22. Qxa6 Rxc4 23. Qa3 Rd2 24. Nd5 Qd4 25. Rf1 Rxc1 26. Qxc1 Rxa2 27. h4 Bxd5 28. exd5 Qxd5 29. Qc8+ Kg7 30. Qc3+ f6 31. Re1 Qd6 32. Qb3 Qd2 33. Qe3 Qxe3 34. Rxe3 Kf7 35. Rb3 Re2 36. Ra3 Re7 37. Ra6 f5 38. Kh2 Ke8 39. Kg3 Kd8 40. Kf4 Kc8 41. h5 Kb7 42. Rf6 Rg7 43. hxg6 hxg6 44. Ke5 a5 45. Kd4 Rc7 46. Rxg6 a4 47. Rg3 Kb6 48. Rf3 Ra7 49. Ra3 Kb5 50. Kc3 Re7 51. Ra2 Rc7+ 52. Kd4 Re7 53. Kc3 Ra7 54. g3 Ra8 55. Re2 a3 56. Kb3 a2 1/2-1/2

[Event "EUSA-ch Open 2019"]
[Site "Budapest"]
[Date "2019.07.25"]
[Round "4.3"]
[White "Zaslavsky, Mikhail"]
[Black "Harutyunian, Tigran K."]
[Result "1/2-1/2"]
[ECO "A02"]
[WhiteElo "2405"]
[BlackElo "2539"]
[Annotator "ChessBase"]
[PlyCount "225"]
[EventDate "2019.07.23"]
[EventType "team-tourn"]
[EventCountry "HUN"]
[SourceTitle "playchess.com"]
[Source "ChessBase"]
[SourceQuality "1"]
[TimeControl "1500+10"]

1. f4 Nf6 2. Nf3 b6 3. e3 Bb7 4. a4 c5 5. a5 bxa5 6. Nc3 e6 7. b3 Be7 8. Bb2 O-O 9. Be2 Nc6 10. O-O d5 11. Na4 d4 12. Ne5 Nb4 13. Nc4 dxe3 14. dxe3 Be4 15. c3 Qxd1 16. Rfxd1 Nc6 17. Nd2 Rab8 18. Ba3 Bc2 19. Rdc1 Bxb3 20. Nxc5 a4 21. Nxa4 Bxa4 22. Bxe7 Nxe7 23. Rxa4 Rb2 24. Rd4 Nf5 25. Rd3 Nxe3 26. c4 Nc2 27. Bf3 Nb4 28. Rd6 Nfd5 29. cxd5 Rxd2 30. Rd7 Nxd5 31. Bxd5 exd5 32. Rxa7 g6 33. Rac7 Re8 34. Rc8 Rxc8 35. Rxc8+ Kg7 36. Re8 h5 37. g3 Kf6 38. Re5 d4 39. h3 d3 40. g4 hxg4 41. hxg4 Rc2 42. g5+ Kg7 43. Rd5 d2 44. Kf1 Rc4 45. Ke2 Rxf4 46. Kxd2 Re4 47. Kd3 Re1 48. Kd2 Re6 49. Kd3 Re1 50. Ra5 Re7 51. Kd4 f6 52. gxf6+ Kxf6 53. Ra1 g5 54. Rf1+ Kg6 55. Rg1 Re8 56. Kd3 Re7 57. Kd4 Kf5 58. Rf1+ Kg4 59. Rg1+ Kh4 60. Rh1+ Kg4 61. Rg1+ Kh5 62. Rh1+ Kg6 63. Rg1 Re8 64. Kd3 Re5 65. Kd4 Kf6 66. Rf1+ Rf5 67. Rg1 Rf4+ 68. Ke3 Kf5 69. Rg2 Ra4 70. Rg1 g4 71. Rb1 Kg5 72. Kf2 Kh4 73. Rb3 g3+ 74. Kg1 Kh3 75. Rb1 Ra2 76. Rc1 Rg2+ 77. Kh1 Ra2 78. Kg1 Ra3 79. Rf1 Rd3 80. Ra1 Re3 81. Rf1 Rd3 82. Ra1 Kg4 83. Rb1 Kf3 84. Rf1+ Kg4 85. Ra1 Rb3 86. Rc1 Rb8 87. Ra1 Rf8 88. Kg2 Rf2+ 89. Kg1 Kh3 90. Rb1 Rh2 91. Ra1 Re2 92. Rb1 Kg4 93. Rf1 Rd2 94. Ra1 Kf3 95. Ra3+ Kg4 96. Ra1 Rc2 97. Rb1 Ra2 98. Rc1 Kh3 99. Rb1 Ra3 100. Rf1 Rb3 101. Ra1 g2 102. Rc1 Ra3 103. Rb1 Rf3 104. Ra1 Kg3 105. Ra3 Kg4 106. Ra2 Kh3 107. Rxg2 Ra3 108. Rh2+ Kg3 109. Rg2+ Kf3 110. Rf2+ Ke3 111. Kg2 Ra8 112. Rf3+ Ke4 113. Rb3 1/2-1/2

[Event "EUSA-ch Open 2019"]
[Site "Budapest"]
[Date "2019.07.25"]
[Round "4.4"]
[White "Petrosyan, Tigran S."]
[Black "Galburd, Yan"]
[Result "0-1"]
[ECO "A06"]
[WhiteElo "2448"]
[BlackElo "2429"]
[Annotator "NA RC"]
[PlyCount "68"]
[EventDate "2019.07.23"]
[EventType "team-tourn"]
[EventCountry "HUN"]
[SourceTitle "playchess.com"]
[Source "ChessBase"]
[SourceQuality "1"]
[TimeControl "1500+10"]

1. Nf3 d5 2. d4 e6 3. c4 a6 4. b3 Bb4+ 5. Bd2 Be7 6. Bc3 Nf6 7. Nbd2 O-O 8. e3 b6 9. Bd3 c5 10. O-O Bb7 11. Qe2 Nc6 12. Bb2 Nb4 13. Bb1 Rc8 14. a3 Nc6 15. Bd3 dxc4 16. bxc4 Qc7 17. Rac1 Rfd8 18. Rfd1 Qb8 19. Nb3 cxd4 20. exd4 Qa8 21. Ng5 Re8 22. Re1 g6 23. Bb1 b5 24. cxb5 axb5 25. Nc5 Na5 26. Ba2 Nc4 27. Ba1 Bd5 28. Rc3 h6 29. Nh3 Bxg2 30. Nf4 Bd5 31. Rg3 Bd6 32. Nxd5 exd5 33. Qf1 Bxg3 34. hxg3 Qxa3 0-1

[Event "EUSA-ch Open 2019"]
[Site "Budapest"]
[Date "2019.07.26"]
[Round "6.3"]
[White "Shevchenko, Kirill"]
[Black "Lewicki, Miroslaw"]
[Result "1-0"]
[ECO "D37"]
[WhiteElo "2536"]
[BlackElo "2351"]
[Annotator "ChessBase"]
[PlyCount "117"]
[EventDate "2019.07.23"]
[EventType "team-tourn"]
[EventCountry "HUN"]
[SourceTitle "playchess.com"]
[Source "ChessBase"]
[SourceQuality "1"]
[TimeControl "1500+10"]

1. d4 Nf6 2. c4 e6 3. Nc3 d5 4. Nf3 Be7 5. g3 O-O 6. Bg2 b6 7. cxd5 exd5 8. O-O Bb7 9. Bf4 c5 10. dxc5 bxc5 11. Nh4 Qd7 12. Qb3 c4 13. Qc2 Na6 14. Rad1 Rfd8 15. Nf5 Bf8 16. Bg5 Qe6 17. Bxf6 Qxf6 18. Ne3 Nb4 19. Qc1 Rab8 20. Nexd5 Nxd5 21. Bxd5 Bxd5 22. Rxd5 Rxd5 23. Nxd5 Qxb2 24. Qxc4 Qd2 25. a4 h6 26. Kg2 a5 27. h4 Bb4 28. Rc1 Re8 29. Rc2 Qd1 30. Nf4 Qd7 31. Qc6 Qxc6+ 32. Rxc6 Re4 33. Kf3 Rd4 34. Ke3 Rd1 35. Rc8+ Kh7 36. Rc7 Ra1 37. Rxf7 Rxa4 38. h5 Kg8 39. Rb7 Bc5+ 40. Kf3 Bd6 41. Ne6 Be5 42. e4 Rc4 43. Rb5 Bc3 44. Rc5 Rxc5 45. Nxc5 Kf7 46. Ke3 Bb4 47. Na4 Ke6 48. f4 Be1 49. g4 Kf6 50. e5+ Ke7 51. Kd4 Bf2+ 52. Kd5 Be3 53. f5 Bf2 54. Kc6 Bd4 55. e6 Be3 56. Nc3 Bf2 57. Nd5+ Ke8 58. Kb5 Be1 59. Nb6 1-0

[Event "EUSA-ch Open 2019"]
[Site "Budapest"]
[Date "2019.07.26"]
[Round "6.4"]
[White "Molenda, Marcin"]
[Black "Golubka, Petro"]
[Result "0-1"]
[ECO "B90"]
[WhiteElo "2387"]
[BlackElo "2483"]
[Annotator "ChessBase"]
[PlyCount "83"]
[EventDate "2019.07.23"]
[EventType "team-tourn"]
[EventCountry "HUN"]
[SourceTitle "playchess.com"]
[Source "ChessBase"]
[SourceQuality "1"]
[TimeControl "1500+10"]

1. e4 c5 2. Nf3 d6 3. d4 cxd4 4. Nxd4 Nf6 5. Nc3 a6 6. f3 e6 7. Be3 b5 8. Qd2 Bb7 9. g4 h6 10. O-O-O Nbd7 11. h4 b4 12. Na4 d5 13. Rg1 g5 14. hxg5 hxg5 15. Bxg5 Qa5 16. b3 dxe4 17. f4 Bd5 18. Kb1 O-O-O 19. Bc4 Re8 20. Qe2 Kb7 21. Bxd5+ exd5 22. Nf5 Qb5 23. Qf2 Qc6 24. Bxf6 Nxf6 25. g5 Nd7 26. Qd4 Rh2 27. Qxd5 Qxd5 28. Rxd5 Nb6 29. Nxb6 Kxb6 30. Ne3 Kc6 31. Rf5 Re2 32. Nc4 e3 33. Rf6+ Kd5 34. Rxf7 Bc5 35. Rf5+ Kc6 36. Ne5+ Kb7 37. Nd3 Bd4 38. g6 Rd2 39. Rf7+ Kc6 40. g7 e2 41. Rg6+ Kd5 42. c4+ {Ke5} 0-1

[Event "EUSA-ch Open 2019"]
[Site "Budapest"]
[Date "2019.07.26"]
[Round "6.5"]
[White "Smolka, Marcin"]
[Black "Korpa, Bence"]
[Result "0-1"]
[ECO "B20"]
[WhiteElo "2178"]
[BlackElo "2523"]
[Annotator "ChessBase"]
[PlyCount "98"]
[EventDate "2019.07.23"]
[EventType "team-tourn"]
[EventCountry "HUN"]
[SourceTitle "playchess.com"]
[Source "ChessBase"]
[SourceQuality "1"]
[TimeControl "1500+10"]

1. e4 c5 2. c4 e6 3. Nc3 b6 4. Nf3 Bb7 5. d4 cxd4 6. Nxd4 d6 7. Be2 a6 8. Be3 Nf6 9. f3 Nbd7 10. Qd2 Be7 11. O-O O-O 12. Rfd1 Qc7 13. Rac1 Rfc8 14. Bf1 Qd8 15. Qf2 Rab8 16. Nc2 Qf8 17. Qd2 h6 18. b3 g5 19. h4 Nh7 20. Nd4 Qg7 21. Bd3 Ne5 22. Bb1 gxh4 23. Bxh6 Qg6 24. Bf4 Nf6 25. Kf2 Nh5 26. Nd5 Bd8 27. Rh1 Nxf4 28. Nxf4 Qg3+ 29. Kf1 b5 30. Rh3 Qg5 31. g3 Ng6 32. Qe1 Nxf4 33. gxf4 Qxf4 34. Rc2 bxc4 35. bxc4 Kf8 36. Ne2 Qf6 37. Rc1 Rc5 38. Qf2 Ba8 39. f4 Qb2 40. Qe3 Bb6 41. Qd3 Ke7 42. Rd1 Rd8 43. e5 d5 44. f5 dxc4 45. f6+ Ke8 46. Qc2 Qxc2 47. Bxc2 Rxd1+ 48. Bxd1 Rxe5 49. Rxh4 Rf5+ 0-1

[Event "EUSA-ch Open 2019"]
[Site "Budapest"]
[Date "2019.07.26"]
[Round "6.6"]
[White "Kaczur, Florian"]
[Black "Popiol, Michal"]
[Result "1-0"]
[ECO "A00"]
[WhiteElo "2463"]
[BlackElo "2187"]
[Annotator "ChessBase"]
[PlyCount "111"]
[EventDate "2019.07.23"]
[EventType "team-tourn"]
[EventCountry "HUN"]
[SourceTitle "playchess.com"]
[Source "ChessBase"]
[SourceQuality "1"]
[TimeControl "1500+10"]

1. g3 g6 2. Nf3 Bg7 3. Bg2 Nf6 4. O-O O-O 5. d4 d5 6. c4 dxc4 7. Na3 c3 8. bxc3 c5 9. Nc4 Nc6 10. a4 Nd5 11. Bb2 Nb6 12. Ne3 Na5 13. dxc5 Nbc4 14. Nxc4 Nxc4 15. Qb3 Nxb2 16. Qxb2 Qa5 17. Qb5 Qxc3 18. Rac1 Qf6 19. Rfd1 Bh6 20. e3 e5 21. c6 bxc6 22. Qxe5 Bg7 23. Qxf6 Bxf6 24. Rxc6 Kg7 25. Rc7 a5 26. Rdc1 Rb8 27. Nd4 Be5 28. R7c5 Bxd4 29. exd4 Bd7 30. Rxa5 Rb4 31. Ra1 Rxd4 32. Ra7 Rc8 33. a5 Bc6 34. Bxc6 Rxc6 35. Ra2 Rcc4 36. Rb7 Ra4 37. Rbb2 Rd1+ 38. Kg2 Ra1 39. Rxa1 Rxa1 40. Rb5 Ra3 41. g4 h6 42. h4 Ra4 43. Kg3 Ra3+ 44. f3 Ra4 45. h5 gxh5 46. Rxh5 Ra3 47. Rf5 Ra4 48. Kf2 Ra3 49. Ke2 Ra4 50. Kd3 Ra3+ 51. Kc4 Ra1 52. Kb5 Rb1+ 53. Kc6 Ra1 54. Kb6 Kf8 55. a6 Ke7 56. a7 1-0

[Event "EUSA-ch Open 2019"]
[Site "Budapest"]
[Date "2019.07.26"]
[Round "7.4"]
[White "Golubka, Petro"]
[Black "Kaczur, Florian"]
[Result "1-0"]
[ECO "C45"]
[WhiteElo "2483"]
[BlackElo "2463"]
[Annotator "ChessBase"]
[PlyCount "123"]
[EventDate "2019.07.23"]
[EventType "team-tourn"]
[EventCountry "HUN"]
[SourceTitle "playchess.com"]
[Source "ChessBase"]
[SourceQuality "1"]
[TimeControl "1500+10"]

1. e4 e5 2. Nf3 Nc6 3. d4 exd4 4. Nxd4 Bc5 5. Nb3 Bb6 6. Nc3 Nf6 7. Qf3 d6 8. Be3 Qe7 9. Bg5 Ne5 10. Qf4 Ng6 11. Qf3 Ne5 12. Qe2 c6 13. f3 h6 14. Be3 O-O 15. O-O-O Re8 16. Bxb6 axb6 17. Qd2 b5 18. Qxd6 Qxd6 19. Rxd6 b4 20. Nb1 Rxa2 21. Rd4 Nfd7 22. Rxb4 c5 23. Nc3 Ra8 24. Ra4 Rxa4 25. Nxa4 c4 26. Nd4 b6 27. Be2 Ba6 28. b4 Rc8 29. Kb1 Rb8 30. Nc3 Bb7 31. Rd1 Nf6 32. Ndb5 Bc6 33. Kb2 g5 34. Nd6 b5 35. g3 Bd7 36. f4 Nc6 37. e5 Ne8 38. Nd5 Kf8 39. Nxe8 Bxe8 40. Bf3 Rd8 41. c3 gxf4 42. gxf4 Ne7 43. Nxe7 Rxd1 44. Bxd1 Kxe7 45. Kc1 f6 46. exf6+ Kxf6 47. Kd2 Kf5 48. Ke3 h5 49. Bf3 h4 50. Be4+ Kg4 51. f5 Kg5 52. Kd4 Kf6 53. Kc5 Bd7 54. Bc6 Bc8 55. Kxb5 Kxf5 56. Kxc4 Kf4 57. Kd4 Kg4 58. b5 Kh3 59. b6 Kxh2 60. b7 Bxb7 61. Bxb7 h3 62. Bc8 1-0

[Event "EUSA-ch Open 2019"]
[Site "Budapest"]
[Date "2019.07.26"]
[Round "7.5"]
[White "Kalogeris, Ioannis"]
[Black "Harutyunian, Tigran K."]
[Result "0-1"]
[ECO "D39"]
[WhiteElo "2376"]
[BlackElo "2539"]
[Annotator "ChessBase"]
[PlyCount "72"]
[EventDate "2019.07.23"]
[EventType "team-tourn"]
[EventCountry "HUN"]
[SourceTitle "playchess.com"]
[Source "ChessBase"]
[SourceQuality "1"]
[TimeControl "1500+10"]

1. d4 Nf6 2. Nf3 d5 3. c4 e6 4. Nc3 Bb4 5. Bg5 dxc4 6. e4 h6 7. Bxf6 Qxf6 8. Bxc4 c5 9. e5 Qe7 10. O-O cxd4 11. Qxd4 Nc6 12. Qg4 O-O 13. Ne4 Kh8 14. Rad1 Bd7 15. Bd3 Rad8 16. Qh5 Be8 17. Qh3 Ba5 18. Bb1 Bc7 19. Qg3 Rd5 20. Rxd5 exd5 21. Nc3 Qe6 22. Rd1 d4 23. Nb5 Bb8 24. Nbxd4 Nxd4 25. Rxd4 Bc6 26. Be4 Qxa2 27. h4 Qxb2 28. Bxc6 Qc1+ 29. Kh2 Qxc6 30. Rg4 Rg8 31. Qf4 Qe6 32. g3 f5 33. Rg5 Rf8 34. Rh5 Qg6 35. Qb4 Re8 36. g4 fxg4 0-1

[Event "EUSA-ch Open 2019"]
[Site "Budapest"]
[Date "2019.07.26"]
[Round "7.6"]
[White "Petrosyan, Tigran S."]
[Black "Kalogridakis, Georgios"]
[Result "1-0"]
[ECO "A33"]
[WhiteElo "2448"]
[BlackElo "2134"]
[Annotator "NA"]
[PlyCount "103"]
[EventDate "2019.07.23"]
[EventType "team-tourn"]
[EventCountry "HUN"]
[SourceTitle "playchess.com"]
[Source "ChessBase"]
[SourceQuality "1"]
[TimeControl "1500+10"]

1. Nf3 Nf6 2. c4 c5 3. Nc3 Nc6 4. d4 cxd4 5. Nxd4 e6 6. Bf4 a6 7. Nxc6 bxc6 8. Bd6 Bxd6 9. Qxd6 Qe7 10. Rd1 Qxd6 11. Rxd6 Ke7 12. c5 a5 13. b3 Ba6 14. e4 a4 15. b4 a3 16. Bxa6 Rxa6 17. Ke2 Rb8 18. Rb1 Ra7 19. Rb3 Ne8 20. Rd1 e5 21. Rdb1 Nc7 22. Kd3 Ne6 23. Ne2 Ra4 24. Kc3 g6 25. g3 f5 26. exf5 gxf5 27. f4 exf4 28. Nxf4 Raa8 29. Nxe6 dxe6 30. Rd1 Rd8 31. Rxd8 Kxd8 32. Kc4 Kc7 33. Re3 Re8 34. Rxa3 Kb7 35. Rd3 Re7 36. a4 e5 37. Rf3 Rf7 38. b5 h5 39. Rf1 h4 40. g4 f4 41. Kd3 Rd7+ 42. Ke4 Rd4+ 43. Kxe5 Rxa4 44. Rxf4 Ra2 45. Rf7+ Kb8 46. Kd6 cxb5 47. Kc6 Rxh2 48. Kb6 Kc8 49. c6 Rd2 50. Rf8+ Rd8 51. Rxd8+ Kxd8 52. Kb7 1-0